 Dungeon Crawl Stone Soup version 0.25.0-26-g0c896c7088 (webtiles) character file.

Game seed: 3324715141925243319

3406 lepoulpe303 the Transmogrifier (level 10, -7/71 HPs)
             Began as a Merfolk Venom Mage on July 3, 2020.
             Was a Believer of Kikubaaqudgha.
             Mangled by a hornet (10 damage)
             ... on level 8 of the Dungeon.
             The game lasted 00:47:44 (12636 turns).

lepoulpe303 the Transmogrifier (MfVM)              Turns: 12636, Time: 00:47:44

Health: -7/71      AC:  4    Str:  8    XL:     10   Next: 4%
Magic:  17/18      EV: 15    Int: 19    God:    Kikubaaqudgha [**....]
Gold:   556        SH:  0    Dex: 14    Spells: 3/20 levels left

rFire    + . .     SeeInvis .   u - +0 trident
rCold    . . .     Gourm    .   (no shield)
rNeg     . . .     Faith    .   a - +0 robe
rPois    .         Spirit   .   (no helmet)
rElec    .         Reflect  .   r - +0 cloak {MR+} {MR+}
rCorr    .         Harm     .   (no gloves)
MR       ++...                  t - +0 pair of boots
Stlth    +++.......             (no amulet)
HPRegen  0.21/turn              F - ring of protection from fire
MPRegen  0.16/turn              m - ring of protection from magic

@: lethally poisoned (-7 -> -21), flying, lightly drained
A: change form in water, swift swim, stealthy swim
a: Receive Corpses, Renounce Religion


You were on level 8 of the Dungeon.
You worshipped Kikubaaqudgha.
Kikubaaqudgha was pleased with you.
You were hungry.

You visited 2 branches of the dungeon, and saw 9 of its levels.
You also visited: Sewer.

You collected 556 gold pieces.

Inventory:

Hand Weapons
 u - a +0 trident (weapon)
 w - a +0 short sword
Missiles
 q - 7 boomerangs (quivered)
 s - 22 poisoned darts
Armour
 a - a +0 robe (worn)
 r - a +0 cloak of magic resistance (worn) {MR+}
 t - a +0 pair of boots (worn)
Jewellery
 m - a ring of protection from magic (right hand)
 p - an uncursed ring of flight
 y - an uncursed ring of stealth {Stlth+}
 C - an uncursed ring of stealth {Stlth+}
 F - a ring of protection from fire (left hand)
 I - an uncursed ring of protection from cold
 M - an uncursed ring of protection from magic
 N - an uncursed ring of protection from magic
Wands
 H - a wand of iceblast (2)
Scrolls
 b - 2 scrolls of immolation {unknown}
 c - 3 scrolls of remove curse {unknown}
 g - 3 scrolls of random uselessness {unknown}
 i - 9 scrolls of identify
 v - a scroll of teleportation {unknown}
 x - 4 scrolls of magic mapping {unknown}
 A - 3 scrolls of fog {unknown}
 B - 3 scrolls of amnesia {unknown}
 E - 2 scrolls of enchant armour {unknown}
 G - a scroll of silence {unknown}
 J - a scroll of fear {unknown}
 L - a scroll of blinking {unknown}
Potions
 d - a potion of might
 f - 2 potions of berserk rage {!q}
 h - 2 potions of magic {unknown}
 j - 2 potions of mutation {!q}
 k - 3 potions of brilliance
 l - a potion of heal wounds
 n - a potion of resistance
 o - 2 potions of stabbing
 z - 2 potions of flight
 D - 2 potions of degeneration {unknown}
 K - a potion of lignification {unknown}
Miscellaneous
 Q - a tin of tremorstones (2/3)
Comestibles
 e - 6 rations


   Skills:
 + Level 3.6 Fighting
 * Level 5.7 Polearms
 + Level 5.9 Dodging
 + Level 5.5(5.4) Stealth
 * Level 5.7 Spellcasting
 * Level 3.4 Necromancy
 * Level 8.0 Transmutations
 * Level 7.4(7.3) Poison Magic


You had 3 spell levels left.
You knew the following spells:

 Your Spells              Type           Power        Failure   Level  Hunger
a - Sting                 Tmut/Pois      ####         1%          1    None
b - Poisonous Vapours     Pois/Air       ###...       3%          2    None
c - Ignite Poison         Fire/Tmut/Pois ###.....     4%          3    ##.....
d - Olgreb's Toxic Radia  Pois           ####....     5%          4    ####...
e - Vampiric Draining     Necr           ###.......   9%          3    ##.....
x - Mephitic Cloud        Conj/Pois/Air  ##......     13%         3    ##.....
A - Animate Skeleton      Necr           N/A          2%          1    None

Your spell library contained the following spells:

 Spells                   Type           Power        Failure   Level  Hunger
 Pain                     Necr           ###.         2%          1    None
 Sublimation of Blood     Necr           ###.......   4%          2    None
 Corona                   Hex            #......      12%         1    None
 Slow                     Hex            #.......     17%         2    None
 Inner Flame              Hex/Fire       #.......     34%         3    ##.....
 Portal Projectile        Hex/Tloc       #.....       34%         3    ##.....
 Cause Fear               Hex            #.........   75%         4    ####...
 Leda's Liquefaction      Hex/Erth       #.........   75%         4    ####...


Dungeon Overview and Level Annotations

Branches:
Dungeon (8/15)             Temple (1/1) D:5           Sewer (visited)
   Lair: D:8-11

Altars:
Ashenzari
Cheibriados
Dithmenos
Elyvilon
Fedhas
Gozag
Kikubaaqudgha
Makhleb
Nemelex Xobeh
Okawaru
Qazlal
Ru
Sif Muna
Trog
Uskayaw
Vehumet
Wu Jian
Yredelemnul
Zin
Lugonu

Shops:
D:6 %

Annotations:
D:4 Ijyb


Message History

* * * LOW HITPOINT WARNING * * *
You feel very sick. The hornet stings you!
* * * LOW HITPOINT WARNING * * *
You feel as though you will be slow longer.
The hornet misses you.
You take 13 damage, and have 8/71 hp.
Aim: a hornet (heavily wounded)
The sting misses the hornet.
* * * LOW HITPOINT WARNING * * *
You feel very sick. The hornet closely misses you.
The hornet completely misses you. x2
You take 3 damage, and have 5/71 hp.
You now have 16/18 mp.
Unknown command.
You hit the hornet.
You feel yourself speed up.
* * * LOW HITPOINT WARNING * * *
You feel sick. The hornet stings you!
You die...
Kikubaaqudgha rasps: "You have failed me!
Welcome... death!"

#### ### ####### #.#.# #.#
#.....# #.#.##.## #.....#
#.#....#### #.....#
#.##†....###.....#
######.....##......# ####
#.#.....y@.##......## #...
#.#.................###... .
#.#.........##............
....####.........................
.>.............>.####.####.......
.................##.....##.......
#...###..........#.......#.......
.#.......#.......#.......#.......
.........)...)......._...........


You could see a hornet.

Levels and vault maps discovered:
D:1:      lemuel_arrival_lava_pool, layout_basic, st_stairs_3
D:2:      minmay_skewed_foursquare, layout_loops_ring, marbit_many_paths,
          lemuel_doored_altar
D:3:      minmay_bubble_buster, layout_rooms, trog_eyes_of_draining,
          lemuel_round_altar, nicolae_overflow_crystal_walls,
          portal_sewer_entry_b, lemuel_altar_in_water
D:4:      layout_layer_cave, first_ration, uniq_ijyb
D:5:      layout_layer_cave, kennysheep_mini_moat, kennysheep_little_box,
          lemuel_zombie_altar_yredelemnul, minmay_temple_entry_statues
D:6:      hangedman_cross_stitches, layout_rooms, kennysheep_mini,
          makhleb_grotto_becter, serial_shops, shop
D:7:      layout_loops_ring, overflow_temple_1_default, lemuel_crystal_altar,
          uniq_menkaure
D:8:      layout_rooms, old_standard_altar, hangedman_pestilent_swarm
Temple:   corrupted_temple

Notes
Turn   | Place    | Note
-------+----------+-------------------------------------------
     0 | D:1      | lepoulpe303 the Merfolk Venom Mage began the quest for the
                  | Orb.
     0 | D:1      | Reached XP level 1. HP: 13/13 MP: 3/3
   308 | D:1      | Reached XP level 2. HP: 19/19 MP: 3/5
   310 | D:1      | Reached skill level 2 in Transmutations
   314 | D:1      | Learned a level 2 spell: Poisonous Vapours
   374 | D:1      | Identified a +0 club
   410 | D:1      | Identified a +0 dagger
   556 | D:1      | Identified a +0 club
   595 | D:1      | Identified a +0 dagger
   738 | D:1      | Reached XP level 3. HP: 24/24 MP: 3/6
  1061 | D:1      | Identified a +0 cloak of magic resistance (You found it on
                  | level 1 of the Dungeon)
  1202 | D:2      | Identified a +0 whip
  1211 | D:2      | Reached skill level 3 in Dodging
  1456 | D:2      | Found a shadowy altar of Dithmenos.
  1462 | D:2      | lepoulpe303: !whichgod mfvm
  1462 | D:2      | meem: 8 recent wins for mfvm: 2x Kikubaaqudgha, 2x
                  | Yredelemnul, Ashenzari, Gozag, Nemelex Xobeh, Ru
  1537 | D:2      | Reached XP level 4. HP: 30/30 MP: 4/7
  1542 | D:2      | Learned a level 3 spell: Ignite Poison
  1835 | D:2      | Reached skill level 3 in Transmutations
  1908 | D:2      | Found a shattered altar of Ashenzari.
  2117 | D:2      | Identified a +0 club
  2207 | D:2      | Identified a +0 club
  2425 | D:2      | Identified a +0 pair of boots (You found it on level 2 of
                  | the Dungeon)
  2453 | D:3      | Identified a +0 dagger
  2458 | D:3      | Reached skill level 4 in Poison Magic
  2489 | D:3      | Identified a +0 club
  2516 | D:3      | Found a shimmering blue altar of Sif Muna.
  2527 | D:3      | Found a glowing drain.
  2562 | Sewer    | Entered a sewer
  2685 | Sewer    | Noticed Purgy
  2702 | Sewer    | Identified a ring of flight (You found it on level 2 of the
                  | Dungeon)
  2703 | Sewer    | Identified a ring of protection from magic (You found it on
                  | level 2 of the Dungeon)
  2705 | Sewer    | Identified a ring of protection from cold (You found it on
                  | level 1 of the Dungeon)
  2734 | Sewer    | Killed Purgy
  2734 | Sewer    | Reached skill level 3 in Stealth
  2734 | Sewer    | Reached skill level 3 in Spellcasting
  2734 | Sewer    | Reached XP level 5. HP: 21/35 MP: 2/9
  2942 | D:3      | Identified a cursed -2 club
  2962 | D:3      | Identified a +0 club
  2982 | D:3      | Reached skill level 4 in Transmutations
  3005 | D:3      | Reached XP level 6. HP: 20/41 MP: 2/10
  3178 | D:3      | Identified a +1 antimagic hand axe
  3179 | D:3      | Found a bloodstained altar of Trog.
  3179 | D:3      | Identified a +2 antimagic dagger
  3179 | D:3      | Noticed an eye of draining
  3179 | D:3      | Noticed an eye of draining
  3383 | D:3      | Identified a +0 club
  3383 | D:3      | Identified a cursed +0 leather armour
  3383 | D:3      | Identified a +0 whip
  3383 | D:3      | Identified a +0 chain mail
  3505 | D:3      | You fall into a shaft and drop 1 floor!
  3568 | D:4      | Noticed a sky beast
  3568 | D:4      | Identified a +0 dagger
  3568 | D:4      | Identified a +0 ring mail
  3583 | D:4      | Identified a cursed -2 dagger
  3605 | D:4      | Identified a +0 short sword (You found it on level 4 of the
                  | Dungeon)
  3902 | D:4      | Identified a +0 leather armour
  3902 | D:4      | Noticed Ijyb
  3942 | D:3      | Identified a +0 short sword
  3977 | D:3      | Identified a ring of stealth (You found it on level 4 of
                  | the Dungeon)
  4000 | D:3      | Found a snail-covered altar of Cheibriados.
  4208 | D:3      | Found a blossoming altar of Fedhas.
  4221 | D:3      | Identified a +0 dagger
  4449 | D:3      | Identified a +0 club
  4540 | D:3      | Killed an eye of draining
  4540 | D:3      | Reached skill level 1 in Fighting
  4540 | D:3      | Reached skill level 5 in Poison Magic
  4568 | D:3      | Killed an eye of draining
  4568 | D:3      | Reached skill level 4 in Dodging
  4568 | D:3      | Reached XP level 7. HP: 48/48 MP: 0/12
  4574 | D:3      | Learned a level 4 spell: Olgreb's Toxic Radiance
  4612 | D:3      | Identified a +0 trident (You found it on level 3 of the
                  | Dungeon)
  4845 | D:4      | Identified a +0 dagger
  4846 | D:4      | Identified a +0 club
  4846 | D:4      | Identified a +0 scale mail
  4846 | D:4      | Identified a +0 dagger
  4846 | D:4      | Identified a +0 robe
  4895 | D:4      | Reached skill level 5 in Transmutations
  4912 | D:4      | HP: 12/48 [orc wizard/+0 dagger (3)]
  4914 | D:4      | Reached skill level 4 in Spellcasting
  5661 | D:4      | Reached skill level 4 in Stealth
  5757 | D:5      | Entered Level 5 of the Dungeon
  5778 | D:5      | Found a staircase to the Ecumenical Temple.
  5796 | Temple   | Entered the Ecumenical Temple
  5836 | Temple   | Became a worshipper of Kikubaaqudgha
  5841 | Temple   | Learned a level 3 spell: Mephitic Cloud
  6345 | D:5      | Reached skill level 2 in Fighting
  6345 | D:5      | Reached XP level 8. HP: 44/56 MP: 12/14
  6391 | D:5      | Found a basalt altar of Yredelemnul.
  6509 | D:5      | Identified a +0 mace
  6509 | D:5      | Identified a +0 chain mail
  6510 | D:5      | Identified a +0 dagger
  6510 | D:5      | Identified a +0 robe
  6510 | D:5      | Identified a +0 dagger
  6510 | D:5      | Identified a +1 antimagic dagger
  6510 | D:5      | Identified a +0 robe
  6510 | D:5      | Identified a +0 dagger
  6510 | D:5      | Identified a cursed +0 robe
  6721 | D:5      | Reached skill level 1 in Necromancy
  6952 | D:5      | Found a white marble altar of Elyvilon.
  7380 | D:5      | Found a radiant altar of Vehumet.
  7699 | D:6      | Identified a +0 shortbow
  7715 | D:6      | Reached skill level 1 in Polearms
  7715 | D:6      | Reached skill level 6 in Transmutations
  7809 | D:6      | Identified a +0 shortbow
  7822 | D:6      | Reached skill level 6 in Poison Magic
  7893 | D:6      | Reached skill level 2 in Polearms
  7940 | D:6      | Identified a +0 club
  7940 | D:6      | Identified a +0 scale mail
  7950 | D:6      | Reached * piety under Kikubaaqudgha
  7950 | D:6      | Identified Kikubaaqudgha's Catalogue of Necromancy
                  | (Kikubaaqudgha gifted it to you on level 6 of the Dungeon)
  7950 | D:6      | Received a gift from Kikubaaqudgha
  7962 | D:6      | Reached skill level 5 in Dodging
  7980 | D:6      | Found Ymidd's Food Shoppe.
  8110 | D:6      | Learned a level 1 spell: Animate Skeleton
  8120 | D:6      | Identified a +0 dagger
  8120 | D:6      | Identified a +0 robe
  8200 | D:6      | Identified a +0 quarterstaff
  8200 | D:6      | Identified a +0 shortbow
  8212 | D:6      | Reached skill level 2 in Necromancy
  8397 | D:6      | Found a hide-covered altar of Uskayaw.
  8574 | D:6      | Reached skill level 3 in Polearms
  8621 | D:6      | Found a burning altar of Makhleb.
  8700 | D:7      | Identified a +0 short sword
  8701 | D:7      | Identified a +0 whip
  8714 | D:7      | Reached XP level 9. HP: 49/62 MP: 12/16
  8751 | D:7      | Found an ornate altar of the Wu Jian Council.
  8763 | D:7      | Identified a ring of protection from fire (You found it on
                  | level 7 of the Dungeon)
  8809 | D:7      | Identified a +0 shortbow
  8815 | D:7      | Reached skill level 5 in Spellcasting
  8955 | D:7      | Identified a +4 shortbow
  9200 | D:7      | Noticed Menkaure
  9200 | D:7      | Identified a +0 dagger
  9200 | D:7      | Identified a cursed +0 robe
  9361 | D:7      | Reached skill level 3 in Fighting
  9361 | D:7      | Reached skill level 5 in Stealth
  9385 | D:7      | Reached skill level 7 in Transmutations
  9408 | D:7      | Reached skill level 4 in Polearms
  9505 | D:7      | Identified a +0 dagger
  9505 | D:7      | Identified a +0 robe
  9510 | D:7      | Identified a +0 whip
  9511 | D:7      | Identified a +0 trident
  9511 | D:7      | Identified a +0 chain mail
  9554 | D:7      | HP: 14/63 [??? (12)]
  9920 | D:7      | HP: 13/63 [phantom (7)]
 10181 | D:7      | Identified a +0 halberd
 10181 | D:7      | Identified a +0 plate armour
 10182 | D:7      | Identified a +0 trident
 10183 | D:7      | Identified a +0 dagger
 10183 | D:7      | Identified a +0 robe
 10250 | D:7      | Found a blossoming altar of Fedhas.
 10251 | D:7      | Identified a +0 long sword
 10251 | D:7      | Identified a +0 robe
 10331 | D:7      | Identified a cursed +0 mace
 10331 | D:7      | Identified a +0 robe
 10337 | D:7      | Identified a +0 long sword
 10337 | D:7      | Identified a +0 robe
 10341 | D:7      | Identified a +2 flail of protection
 10341 | D:7      | Identified a +0 robe
 10344 | D:7      | HP: 16/64 [wight/cursed +0 mace (4)]
 10727 | D:7      | Identified a +0 club
 10727 | D:7      | Identified a +0 leather armour
 10728 | D:7      | Identified a +0 mace
 10728 | D:7      | Identified a cursed -1 falchion
 10729 | D:7      | Identified a cursed -3 mace
 10729 | D:7      | Identified a +0 leather armour
 10730 | D:7      | Identified a +0 dagger
 10730 | D:7      | Identified a +0 robe
 11228 | D:7      | Identified a cursed +0 giant club
 11538 | D:7      | Reached ** piety under Kikubaaqudgha
 11557 | D:7      | Reached skill level 7 in Poison Magic
 11692 | D:7      | Killed Menkaure
 11692 | D:7      | Reached skill level 5 in Polearms
 11692 | D:7      | Reached skill level 3 in Necromancy
 11800 | D:8      | Identified a +0 short sword
 11804 | D:8      | Identified a +0 dagger
 11804 | D:8      | Identified a +0 robe
 11805 | D:8      | Identified a cursed -2 whip
 11806 | D:8      | Identified a +0 hand axe
 11806 | D:8      | Identified a +0 ring mail
 12203 | D:8      | Found a sparkling altar of Nemelex Xobeh.
 12225 | D:8      | Learned a level 3 spell: Vampiric Draining
 12235 | D:8      | Identified a +0 hand axe
 12235 | D:8      | Identified a +0 chain mail
 12239 | D:8      | Identified a +0 club
 12239 | D:8      | Identified a +0 mace
 12264 | D:8      | Identified a +0 leather armour
 12518 | D:8      | Reached XP level 10. HP: 69/70 MP: 15/18
 12596 | D:8      | Reached skill level 8 in Transmutations
 12621 | D:8      | Identified 16 scrolls of identify
 12621 | D:8      | Identified a potion of might
 12622 | D:8      | Identified 2 potions of berserk rage
 12623 | D:8      | Identified 2 potions of mutation
 12624 | D:8      | Identified 3 potions of brilliance
 12625 | D:8      | Identified 2 potions of stabbing
 12626 | D:8      | Identified a potion of resistance
 12627 | D:8      | Identified 2 potions of heal wounds
 12629 | D:8      | Paralysed by a hornet for 3 turns
 12631 | D:8      | HP: 11/71 [hornet (10)]
 12632 | D:8      | Identified 3 potions of flight
 12632 | D:8      | HP: 5/71 [hornet (2)]
 12636 | D:8      | Mangled by a hornet

Table legend:
 A = Turns spent in this place as a percentage of turns spent in the entire game.
 B = Non-inter-level travel turns spent in this place as a percentage of non-inter-level travel turns spent in the entire game.
 C = Inter-level travel turns spent in this place as a percentage of turns spent in this place.
 D = Turns resting spent in this place as a percentage of non-inter-level travel turns spent in this place.
 E = Turns spent auto-exploring this place as a percentage of non-inter-level travel turns spent in this place.
 F = Non-inter-level travel turns spent in this place divided by the number of levels of this place that you've seen.
                   A       B       C       D       E      F
               +-------+-------+-------+-------+-------+----------------------
         Total | 100.0 | 100.0 |   3.8 |  33.7 |  42.9 | 1215.0
       Dungeon |  96.7 |  96.7 |   3.8 |  33.3 |  43.8 | 1469.0
        Temple |   0.5 |   0.4 |  27.0 |   0.0 |  47.8 |  46.0
         Sewer |   2.8 |   2.9 |   0.0 |  54.3 |  14.2 | 352.0
               +-------+-------+-------+-------+-------+----------------------

Table legend:
 A = Kills in this place as a percentage of kills in entire the game.
 B = Kills by you in this place as a percentage of kills by you in the entire game.
 C = Kills by friends in this place as a percentage of kills by friends in the entire game.
 D = Other kills in this place as a percentage of other kills in the entire game.
 E = Experience gained in this place as a percentage of experience gained in the entire game.
 F = Experience gained in this place divided by the number of levels of this place that you have seen.
                   A       B       C       D       E      F
               +-------+-------+-------+-------+-------+----------------------
         Total | 100.0 | 100.0 |   N/A |   N/A | 100.0 | 486.6
       Dungeon |  97.0 |  97.0 |   N/A |   N/A |  97.0 | 590.0
         Sewer |   3.0 |   3.0 |   N/A |   N/A |   3.0 | 146.0
               +-------+-------+-------+-------+-------+----------------------

Skill      XL: |  1  2  3  4  5  6  7  8  9 10 |
---------------+-------------------------------+-----
Transmutations | 2 3 4 5 6 7 8 |  8.0
Dodging        | 3 4 5 |  5.9
Poison Magic   | 4 5 6 7 |  7.4
Stealth        | 3 4 5 |  5.5
Spellcasting   | 3 4 5 |  5.7
Fighting       | 1 2 3 |  3.6
Necromancy     | 2 3 |  3.4
Polearms       | 3 5 |  5.7

Action                   |  1- 3 |  4- 6 |  7- 9 | 10-12 || total
-------------------------+-------+-------+-------+-------++-------
Melee: Unarmed           |     1 |    24 |       |       ||    25
       Short sword       |       |    63 |       |       ||    63
       Trident           |       |       |   350 |     1 ||   351
Throw: Boomerang         |       |    16 |       |       ||    16
 Cast: Sting             |    41 |   121 |   120 |     8 ||   290
       Poisonous Vapours |       |     1 |    16 |       ||    17
       Ignite Poison     |       |       |     7 |       ||     7
       Olgreb's Toxic Ra |       |       |     5 |       ||     5
       Mephitic Cloud    |       |       |     1 |       ||     1
       Animate Skeleton  |       |       |     2 |       ||     2
Evoke: Wand              |       |       |     3 |       ||     3
       Tin of tremorston |       |       |       |     1 ||     1
  Use: Scroll            |       |       |       |     7 ||     7
       Potion            |       |       |       |     2 ||     2
 Stab: Sleeping          |       |       |     3 |       ||     3
  Eat: Chunk             |     2 |    10 |    14 |       ||    26
       Ration            |       |       |     4 |       ||     4
Armor: Robe              |     5 |    37 |    62 |     1 ||   105
Dodge: Dodged            |    17 |   118 |   291 |    14 ||   440

Vanquished Creatures
  A wyvern (D:8)
  Menkaure (D:7)
  A soldier ant (D:8)
  An orc warrior (D:7)
  Purgy (Sewer)
  2 eyes of draining (D:3)
  3 sky beasts
  A phantom (D:7)
  5 centaurs
  An ogre (D:7)
  A big kobold (D:7)
  3 bullfrogs
  A scorpion (D:6)
  2 wights
  A crimson imp (D:6)
  A howler monkey (D:7)
  A bullfrog zombie (D:6)
  5 hounds
  A quasit (D:8)
  5 orc priests
  2 jellies
  A centaur skeleton (D:7)
  10 orc wizards
  2 bullfrog skeletons (D:6)
  5 iguanas
  5 worker ants
  13 adders
  A shadow imp (D:7)
  An ooze (D:3)
  An adder zombie (D:8)
  2 adder skeletons
  7 worms
  4 dart slugs (D:1)
  6 leopard geckos
  22 orcs
  3 ball pythons
  7 giant cockroaches
  6 goblins
  6 hobgoblins
  3 jackals (D:3)
  2 quokkas
  15 bats
  9 frilled lizards
  2 gnoll zombies (D:5)
  A jackal skeleton (D:6)
  A jackal zombie (D:5)
  13 kobolds
  A leopard gecko zombie (D:6)
  12 rats
201 creatures vanquished.
